[Event "Titled Tuesday Blitz July 11 Early 2023"]
[White "Malyi, Viacheslav"]
[Black "Jegorovas, Aleksandras"]
[WhiteFideId "14123983"]
[BlackFideId "12801950"]
[WhiteElo "2541"]
[BlackElo "2367"]
[Result "0-1"]
[Round "5"]
[TimeControl "180+2"]
[Date "2023.07.11"]
[WhiteClock "0:00:46"]
[BlackClock "0:01:40"]
[Board "113"]

1. e4 e6 2. d4 d5 3. Nc3 Bb4 4. e5 c5 5. a3 Bxc3+ 6. bxc3 Qa5 7. Bd2 Qa4 8. Qb1 c4 9. Qd1 Ne7 10. Nh3 Nbc6 11. Nf4 Bd7 12. Nh5 Rg8 13. g3 O-O-O 14. h4 Rdf8 15. Bh3 Kb8 16. O-O Ka8 17. Re1 Nd8 18. Ra2 f5 19. Qb1 Be8 20. Nf4 h6 21. h5 Bd7 22. Qb4 Qxb4 23. axb4 Nf7 24. Rea1 a6 25. Bf1 Ng5 26. Kg2 Ne4 27. Be1 Kb8 28. f3 Ng5 29. Be2 Be8 30. Bd2 Bb5 31. Kf2 Kc8 32. Ra5 Kd7 33. Rh1 Nf7 34. Rha1 Ng5 35. R5a2 Nf7 36. Rh1 Ng5 37. Raa1 Nf7 38. Ra5 Ng5 39. Ng6 Re8 40. Bxg5 hxg5 41. Raa1 Nxg6 42. hxg6 Rh8 43. Rh7 Rxh7 44. gxh7 Rh8 45. Rh1 Ke7 46. Rh5 g6 47. Rxg5 Kf7 48. g4 f4 49. Kg2 Kg7 50. Bd3 Be8 51. b5 a5 52. b6 Kh6 53. Rf5 gxf5 0-1


[Site "https://www.chess.com"]

[Event "Titled Tuesday Blitz July 11 Early 2023"]
[White "Bashirli, Saadat"]
[Black "Demin, Vladimir"]
[WhiteFideId "13429990"]
[BlackFideId "4167457"]
[WhiteElo "2366"]
[BlackElo "2538"]
[Result "0-1"]
[Round "5"]
[TimeControl "180+2"]
[Date "2023.07.11"]
[WhiteClock "0:00:01"]
[BlackClock "0:00:15"]
[Board "114"]

1. e4 e5 2. Nf3 Nc6 3. Bc4 Bc5 4. c3 Nf6 5. d3 a6 6. Bb3 Ba7 7. O-O d6 8. h3 h6 9. Nbd2 O-O 10. Re1 Re8 11. Nf1 Be6 12. Bc2 d5 13. exd5 Bxd5 14. Ng3 Qd7 15. Be3 Bxe3 16. fxe3 Rad8 17. e4 Be6 18. Qe2 Qd6 19. Rad1 Qc5+ 20. Kh2 Bxa2 21. c4 b5 22. Ra1 Nb4 23. b3 a5 24. Nf5 a4 25. d4 exd4 26. Bd3 axb3 27. cxb5 b2 28. Rad1 Nxd3 29. Qxd3 Bc4 30. Qc2 Qxb5 31. N3xd4 Qe5+ 32. Kh1 Be6 33. Qxb2 c5 34. Qb5 Bd7 35. Qa5 cxd4 36. Qxe5 Rxe5 37. Rxd4 Ra8 38. Ng3 Be6 39. Red1 Rea5 40. Rd8+ Rxd8 41. Rxd8+ Kh7 42. Kh2 Ra4 43. e5 Nd5 44. Rb8 Ra2 45. Nh5 Ne3 46. Nf4 g5 47. Nxe6 fxe6 48. Rb7+ Kg6 49. Re7 Kf5 50. Rf7+ Kxe5 51. Rh7 Rxg2+ 52. Kh1 Re2 53. Rxh6 Nf5 54. Rg6 Kf4 55. h4 Kf3 56. Rxg5 Ng3+ 57. Kg1 Rg2# 0-1


[Site "https://www.chess.com"]

[Event "Titled Tuesday Blitz July 11 Early 2023"]
[White "Berezin, Viktor"]
[Black "Rodriguez Santiago, Jaime"]
[WhiteFideId "14107872"]
[BlackFideId "3100898"]
[WhiteElo "2533"]
[BlackElo "2359"]
[Result "0-1"]
[Round "5"]
[TimeControl "180+2"]
[Date "2023.07.11"]
[WhiteClock "0:00:18"]
[BlackClock "0:01:45"]
[Board "115"]

1. d4 Nf6 2. c4 e6 3. Nf3 d5 4. g3 dxc4 5. Qa4+ Nbd7 6. Bg2 c5 7. O-O a6 8. dxc5 Bxc5 9. Qxc4 b5 10. Qc2 Bb7 11. a3 Rc8 12. Nc3 O-O 13. Bg5 h6 14. Bxf6 Nxf6 15. Rad1 Qe7 16. Ne5 Bxg2 17. Kxg2 Qb7+ 18. Kg1 Rfd8 19. Rxd8+ Rxd8 20. Rd1 Rxd1+ 21. Nxd1 Qc7 22. Qc3 Ne4 23. Qd3 Qxe5 24. b4 Bb6 0-1


[Site "https://www.chess.com"]

[Event "Titled Tuesday Blitz July 11 Early 2023"]
[White "TomLiu777"]
[Black "Shturman, Arseniy"]
[BlackFideId "34275797"]
[WhiteElo "2366"]
[BlackElo "2532"]
[Result "0-1"]
[Round "5"]
[TimeControl "180+2"]
[Date "2023.07.11"]
[WhiteClock "0:00:00"]
[BlackClock "0:00:13"]
[Board "116"]

1. c4 Nf6 2. Nc3 g6 3. g3 Bg7 4. Bg2 O-O 5. d4 d6 6. Nf3 c6 7. O-O Qb6 8. b3 e5 9. c5 dxc5 10. dxe5 Ng4 11. Ne4 Nxe5 12. Nxe5 Bxe5 13. Bh6 Rd8 14. Qc1 Bf5 15. Qg5 Nd7 16. Rad1 Qc7 17. Rxd7 Qxd7 18. Nf6+ Bxf6 19. Qxf6 Qd4 20. Qg5 f6 21. Qc1 Be4 22. Bh3 Kf7 23. Be3 Qd5 24. f3 Bf5 25. Bg2 b6 26. Bf2 Qd2 27. Qc4+ Be6 28. Qh4 h5 29. e4 Rh8 30. f4 Kg7 31. e5 Raf8 32. exf6+ Rxf6 33. Qg5 Bf5 34. Re1 Rhf8 35. Re7+ R8f7 36. Rxf7+ Rxf7 37. h4 Rd7 38. Bxc6 Qd1+ 39. Kg2 Rc7 40. Bf3 Qd7 41. Be3 Qe7 42. Bc1 Qxg5 43. hxg5 Rd7 44. Bb2+ Kf7 45. Be2 Rd2 0-1


[Site "https://www.chess.com"]

[Event "Titled Tuesday Blitz July 11 Early 2023"]
[White "Bilan, Danila"]
[Black "Dubreuil, Julien"]
[WhiteFideId "24161918"]
[BlackFideId "621285"]
[WhiteElo "2531"]
[BlackElo "2357"]
[Result "0-1"]
[Round "5"]
[TimeControl "180+2"]
[Date "2023.07.11"]
[WhiteClock "0:00:04"]
[BlackClock "0:00:23"]
[Board "117"]

1. d4 d5 2. Nf3 Nf6 3. c4 e6 4. Nc3 c5 5. cxd5 Nxd5 6. e4 Nxc3 7. bxc3 cxd4 8. cxd4 Bb4+ 9. Bd2 Bxd2+ 10. Qxd2 O-O 11. Bc4 b6 12. O-O Nd7 13. Rad1 Bb7 14. Rfe1 Rc8 15. Bb3 h6 16. Qf4 Qc7 17. Qh4 Nf6 18. d5 exd5 19. e5 Ne4 20. Bxd5 Nc3 21. Bxb7 Qxb7 22. Rd2 b5 23. h3 a5 24. e6 fxe6 25. Rxe6 b4 26. Re7 Rc7 27. Rxc7 Qxc7 28. Qg4 Qf7 29. Rd7 Qf6 30. Kh2 Qf4+ 31. Qxf4 Rxf4 32. Rd2 a4 33. Nd4 Ne4 34. Rb2 b3 35. axb3 Nxf2 36. Ne2 Re4 37. bxa4 Rxa4 38. Rb7 Ra2 39. Ng3 Ra1 40. Nf5 Rh1+ 41. Kg3 Ne4+ 42. Kf4 Ng5 43. Rxg7+ Kf8 44. Ra7 Rf1+ 45. Kg4 Ne4 46. Nxh6 Nf6+ 47. Kg3 Ne4+ 48. Kh2 Rf2 49. Ng4 Re2 50. Ra6 Nd2 51. Rf6+ Kg7 52. Ra6 Nf1+ 53. Kg1 Nd2 54. Ra1 Ne4 55. Rf1 Nd2 56. Rb1 Nxb1 57. Kh2 Nc3 58. Kg3 Ra2 59. Nh2 Ne4+ 60. Kf3 Ng5+ 61. Kg3 Kg6 62. Ng4 Ne4+ 63. Kf4 Nf2 64. Kg3 Nxg4 65. hxg4 Kg5 66. Kh3 Ra3+ 67. g3 Rb3 68. Kh2 Kxg4 0-1


[Site "https://www.chess.com"]

[Event "Titled Tuesday Blitz July 11 Early 2023"]
[White "Bogaudinov, Rushan"]
[Black "Tokman, Ariel"]
[WhiteFideId "4129288"]
[BlackFideId "117420"]
[WhiteElo "2344"]
[BlackElo "2529"]
[Result "0-1"]
[Round "5"]
[TimeControl "180+2"]
[Date "2023.07.11"]
[WhiteClock "0:00:00"]
[BlackClock "0:00:04"]
[Board "118"]

1. d4 Nf6 2. Nf3 g6 3. g3 Bg7 4. Bg2 d6 5. O-O O-O 6. b3 a5 7. a3 Nc6 8. Bb2 Bf5 9. Re1 d5 10. Nc3 Ne4 11. e3 Nxc3 12. Bxc3 a4 13. h3 Be4 14. Nd2 Bxg2 15. Kxg2 axb3 16. cxb3 e5 17. Nf3 e4 18. Nd2 h5 19. b4 Ne7 20. b5 Nf5 21. Bb4 Re8 22. Qc2 Rc8 23. a4 c6 24. bxc6 Rxc6 25. Qb3 Qg5 26. Kh2 Rd8 27. Rac1 Rxc1 28. Rxc1 Rd7 29. a5 Kh7 30. Qa4 Rd8 31. Qb5 Nxg3 32. Rg1 h4 33. Qxb7 Qf5 34. fxg3 Qf2+ 35. Kh1 hxg3 36. Rxg3 Qxg3 37. Qxf7 Qxh3+ 38. Kg1 Qxe3+ 39. Kg2 Qxd4 40. Qe7 Rc8 41. Qh4+ Kg8 42. Qg4 Re8 43. Qd7 Qe5 44. a6 Qe6 45. Qxe6+ Rxe6 46. a7 Ra6 47. Bc5 Bf6 48. Nf1 d4 49. Ng3 d3 50. Nxe4 Be5 51. Kf3 Kf7 52. Ke3 Ke6 53. Kxd3 Kd5 54. Bf2 Kc6 55. Nd2 Bc7 56. Nf3 Kd5 57. Ke2 Bd6 58. Be3 Bc5 59. Bd2 Rxa7 60. Ng5 Re7+ 61. Kf3 Bd4 62. Bf4 Re8 63. Kg4 Rf8 64. Nf3 Bf6 0-1


[Site "https://www.chess.com"]

[Event "Titled Tuesday Blitz July 11 Early 2023"]
[White "Samarth J Rao"]
[Black "Michalczak, Thomas"]
[WhiteFideId "46652370"]
[BlackFideId "4622634"]
[WhiteElo "2336"]
[BlackElo "2521"]
[Result "0-1"]
[Round "5"]
[TimeControl "180+2"]
[Date "2023.07.11"]
[WhiteClock "0:00:00"]
[BlackClock "0:00:24"]
[Board "119"]

1. e4 e5 2. Nf3 Nc6 3. Bb5 a6 4. Ba4 Nf6 5. O-O Be7 6. Re1 b5 7. Bb3 O-O 8. c3 d5 9. exd5 Nxd5 10. Nxe5 Nxe5 11. Rxe5 c6 12. d4 Bd6 13. Rxd5 cxd5 14. Nd2 Re8 15. Nf1 Bf5 16. Qh5 g6 17. Qh6 Re1 18. Bg5 Qe8 19. Rxe1 Qxe1 20. Bd2 Qb1 21. Qe3 Bd3 22. Be1 Bf4 23. Qe7 Bc4 24. g3 Bh6 25. Bxc4 bxc4 26. Qh4 Bc1 27. Kg2 Qxb2 28. Qe7 Qxa2 29. Qb7 Re8 30. Qxd5 Rxe1 0-1


[Site "https://www.chess.com"]

[Event "Titled Tuesday Blitz July 11 Early 2023"]
[White "Turzo, Attila"]
[Black "Lopez Del Alamo, Antonio"]
[WhiteFideId "704954"]
[BlackFideId "2227339"]
[WhiteElo "2520"]
[BlackElo "2330"]
[Result "1-0"]
[Round "5"]
[TimeControl "180+2"]
[Date "2023.07.11"]
[WhiteClock "0:00:24"]
[BlackClock "0:00:15"]
[Board "120"]

1. d4 Nf6 2. c4 g6 3. g3 Bg7 4. Bg2 O-O 5. Nc3 d6 6. e4 e5 7. d5 a5 8. Nge2 Na6 9. O-O Nc5 10. b3 Ne8 11. Rb1 f5 12. f3 Nf6 13. a3 a4 14. b4 Nb3 15. Be3 fxe4 16. Nxe4 Nxe4 17. fxe4 Bg4 18. h3 Bxe2 19. Qxe2 Qd7 20. Rxf8+ Rxf8 21. Rf1 Nd4 22. Rxf8+ Bxf8 23. Qf2 Bg7 24. Bf1 Qf7 25. Qxf7+ Kxf7 26. Bd3 Bf6 27. Kf2 Be7 28. Ke1 g5 29. Kd2 h5 30. g4 h4 31. Bc2 b5 32. Bxd4 exd4 33. cxb5 d3 34. Bxa4 Bf6 35. Bd1 Bd4 36. Kxd3 Bb2 37. a4 Ba3 38. Kc3 Kf6 39. a5 Ke5 40. b6 cxb6 41. axb6 1-0


[Site "https://www.chess.com"]

[Event "Titled Tuesday Blitz July 11 Early 2023"]
[White "Vifleemskaia, Svetlana"]
[Black "Chor, Kevin"]
[WhiteFideId "4129490"]
[BlackFideId "2090740"]
[WhiteElo "2320"]
[BlackElo "2518"]
[Result "0-1"]
[Round "5"]
[TimeControl "180+2"]
[Date "2023.07.11"]
[WhiteClock "0:00:00"]
[BlackClock "0:00:28"]
[Board "121"]

1. d4 Nf6 2. c4 g6 3. Nc3 Bg7 4. e4 d6 5. Nge2 O-O 6. Ng3 Nc6 7. d5 Nb8 8. Be2 e5 9. h4 h5 10. Bg5 Qe8 11. Qd2 Na6 12. a3 Nc5 13. b4 Nb3 14. Qb2 Nxa1 15. Qxa1 c6 16. O-O cxd5 17. cxd5 Bg4 18. Bd3 Nh7 19. Be3 Qe7 20. f3 Bd7 21. Bf2 Bf6 22. Qe1 Bxh4 23. Kh1 Bg5 24. Nge2 h4 25. Kh2 Nf6 26. Rh1 Nh5 27. Kg1 h3 28. g4 Nf4 29. Nxf4 Bxf4 30. Rxh3 Kg7 31. Ne2 Bg5 32. Kg2 Rh8 33. Rxh8 Rxh8 34. Bxa7 Bh4 35. Bf2 Qg5 36. b5 Bxf2 37. Qxf2 Qd2 38. Bb1 Bxb5 39. Ng3 Rh2+ 0-1


[Site "https://www.chess.com"]

[Event "Titled Tuesday Blitz July 11 Early 2023"]
[White "Yeritsyan, Hayk"]
[Black "Romero Arzuaga, Yudel"]
[WhiteFideId "13307320"]
[BlackFideId "3521010"]
[WhiteElo "2517"]
[BlackElo "2321"]
[Result "1-0"]
[Round "5"]
[TimeControl "180+2"]
[Date "2023.07.11"]
[WhiteClock "0:01:00"]
[BlackClock "0:00:06"]
[Board "122"]

1. d4 d5 2. Nf3 e6 3. e3 Nf6 4. Bd3 Be7 5. Ne5 a6 6. Nd2 O-O 7. O-O c5 8. c3 Nbd7 9. f4 Re8 10. Qf3 Nf8 11. g4 b6 12. g5 N6d7 13. Qh5 g6 14. Qh6 Nxe5 15. fxe5 Bxg5 16. Qh3 f5 17. exf6 Bxf6 18. Qg2 Bg7 19. Nf3 Nd7 20. Ng5 Rf8 21. Nxe6 Rxf1+ 22. Bxf1 Qh4 23. Qxd5 Qg4+ 24. Qg2 Qxg2+ 25. Bxg2 Ra7 26. Nxg7 Kxg7 27. Bd2 Bb7 28. e4 Nf6 29. d5 Ra8 30. c4 Re8 31. Bc3 1-0


[Site "https://www.chess.com"]

[Event "Titled Tuesday Blitz July 11 Early 2023"]
[White "Haszon, David"]
[Black "Garrido, Denis"]
[WhiteFideId "733610"]
[BlackFideId "601217"]
[WhiteElo "2514"]
[BlackElo "2312"]
[Result "1-0"]
[Round "5"]
[TimeControl "180+2"]
[Date "2023.07.11"]
[WhiteClock "0:00:22"]
[BlackClock "0:00:59"]
[Board "124"]

1. d4 d5 2. Bf4 c5 3. e3 cxd4 4. exd4 Nc6 5. c3 Bf5 6. Qb3 Qd7 7. Nf3 e6 8. Bb5 f6 9. O-O g5 10. Bg3 h5 11. h4 g4 12. Ne1 Bh6 13. Bd3 Nge7 14. Na3 a6 15. Qc2 Kf7 16. f3 Rhg8 17. f4 Bxd3 18. Qxd3 Nf5 19. Nec2 Nce7 20. Rae1 Nxg3 21. Qxg3 Nf5 22. Qd3 Nxh4 23. Qh7+ Bg7 24. Qxh5+ Ng6 25. f5 exf5 26. Rxf5 Rh8 27. Qxg4 Rad8 28. Ne3 Rh4 29. Qf3 Qd6 30. g3 Rh3 31. Qxd5+ Qxd5 32. Rxd5 Rxg3+ 33. Kf2 Rh3 34. Rxd8 1-0


[Site "https://www.chess.com"]

[Event "Titled Tuesday Blitz July 11 Early 2023"]
[White "only_strong_moves"]
[Black "Balint, Vilmos"]
[BlackFideId "718050"]
[WhiteElo "2514"]
[BlackElo "2275"]
[Result "1-0"]
[Round "5"]
[TimeControl "180+2"]
[Date "2023.07.11"]
[WhiteClock "0:02:08"]
[BlackClock "0:01:48"]
[Board "125"]

1. d4 Nf6 2. Nc3 e6 3. Bf4 d5 4. e3 c5 5. Nb5 Na6 6. Nf3 Nh5 7. Bg5 Qa5+ 8. Nd2 Nf6 9. c3 Be7 10. dxc5 Nxc5 11. b4 Qb6 12. bxc5 Qxc5 13. Nb3 Qb6 14. Bd3 Bd7 15. N5d4 Rc8 16. O-O Rxc3 17. Qd2 Rc8 18. Rab1 O-O 19. Na5 Qc6 1-0


[Site "https://www.chess.com"]

[Event "Titled Tuesday Blitz July 11 Early 2023"]
[White "Tsyhanchuk, Stanislav"]
[Black "WindWhistler11"]
[WhiteFideId "13505130"]
[WhiteElo "2273"]
[BlackElo "2513"]
[Result "0-1"]
[Round "5"]
[TimeControl "180+2"]
[Date "2023.07.11"]
[WhiteClock "0:00:12"]
[BlackClock "0:00:12"]
[Board "126"]

1. e4 e6 2. Nf3 d5 3. exd5 exd5 4. d4 Nc6 5. Bd3 Bd6 6. O-O Nge7 7. c3 Bg4 8. Bg5 f6 9. Bh4 Qd7 10. Nbd2 g5 11. Bg3 h5 12. b4 h4 13. Bxd6 cxd6 14. b5 Nd8 15. h3 Bf5 16. Bxf5 Qxf5 17. Nh2 Ne6 18. Ng4 Kf7 19. Re1 Rae8 20. Ne3 Qd3 21. Qc2 Qxc2 22. Nxc2 Nf4 23. c4 Rc8 24. Ne3 Rhd8 25. g3 hxg3 26. fxg3 Nd3 27. Rf1 dxc4 28. Ndxc4 d5 29. Nd2 Kg6 30. Ng4 Rd6 31. Rf3 Nb4 32. Re1 Ng8 33. Nb3 Nc2 34. Re2 Na3 35. Nc5 Nxb5 36. Ne6 Re8 37. Nf4+ Kf7 38. Rxe8 Kxe8 39. Nh5 Kf7 40. Ne5+ Ke6 41. Ng4 Nxd4 42. Re3+ Kd7 43. Rd3 Nc6 44. Kf2 d4 45. Rf3 Ne5 46. Nxe5+ fxe5 47. Rf7+ Ne7 48. Nf6+ Ke6 49. Rf8 Ng6 50. Nh7 Nxf8 51. Nxf8+ Kf7 52. Nh7 Rg6 53. Nxg5+ Rxg5 54. h4 Rg6 55. Kf3 d3 56. Ke4 Rd6 57. Ke3 d2 58. Ke2 d1=Q+ 59. Ke3 Qd2+ 60. Ke4 Qd3+ 61. Kxe5 Rd5+ 62. Kf4 Qf5+ 63. Ke3 Rd3+ 64. Ke2 Qf3+ 65. Ke1 Rd1# 0-1


[Site "https://www.chess.com"]

[Event "Titled Tuesday Blitz July 11 Early 2023"]
[White "La Villa Rivas, Marlon Javier"]
[Black "Moskvin, Anatoly"]
[WhiteFideId "3519546"]
[BlackFideId "24199990"]
[WhiteElo "2240"]
[BlackElo "2512"]
[Result "0-1"]
[Round "5"]
[TimeControl "180+2"]
[Date "2023.07.11"]
[WhiteClock "0:01:36"]
[BlackClock "0:01:34"]
[Board "127"]

1. e4 e5 2. Nf3 Nc6 3. Bb5 Nge7 4. Nc3 a6 5. Ba4 d6 6. d4 b5 7. Bb3 Nxd4 8. Nxd4 exd4 9. Nd5 c5 10. c4 Nxd5 11. exd5 Qe7+ 12. Kf1 g6 13. Bf4 Bg7 14. Qd2 O-O 15. Re1 Qc7 16. h4 h5 17. Bh6 Bf5 18. f3 Rfe8 19. Rxe8+ Rxe8 20. g4 hxg4 21. h5 Bxh6 22. Qxh6 Qe7 23. hxg6 Qe1+ 24. Kg2 Re2# 0-1


[Site "https://www.chess.com"]

[Event "Titled Tuesday Blitz July 11 Early 2023"]
[White "Thiel, Thomas"]
[Black "Lehtosaari, Mauri"]
[WhiteFideId "4615964"]
[BlackFideId "501999"]
[WhiteElo "2227"]
[BlackElo "2511"]
[Result "1/2-1/2"]
[Round "5"]
[TimeControl "180+2"]
[Date "2023.07.11"]
[WhiteClock "0:00:48"]
[BlackClock "0:00:32"]
[Board "128"]

1. e4 c5 2. Nc3 e6 3. Nge2 Nc6 4. g3 Nf6 5. Bg2 d5 6. exd5 exd5 7. d4 cxd4 8. Nxd4 Be7 9. O-O O-O 10. Bg5 h6 11. Bf4 Nxd4 12. Qxd4 Be6 13. Rad1 Qd7 14. Nxd5 Nxd5 15. Bxd5 Bf6 16. Be5 Qxd5 17. Qxd5 Bxd5 18. Rxd5 Bxe5 19. Rxe5 Rac8 20. c3 Rc7 21. Rfe1 g6 22. Re7 Rfc8 23. Kg2 Kg7 24. h4 Kf6 25. Rxc7 Rxc7 26. Re4 Rd7 27. a4 Rd2 28. Rb4 b6 29. Rb5 h5 30. a5 bxa5 31. Rxa5 Rxb2 32. Rxa7 Rc2 33. Rc7 Ke6 34. Kf3 f6 35. Ke3 Kd6 36. Rc8 Kd7 37. Rc4 Kd6 38. f3 Kd5 39. Rc8 Rc1 40. Kf4 Kd6 41. Rc4 Kd5 42. Rc8 Ke6 43. g4 hxg4 44. fxg4 Rf1+ 45. Kg3 Rg1+ 46. Kf3 Rh1 47. Kg3 Rg1+ 48. Kf3 Rh1 49. Kg3 Rg1+ 1/2-1/2


[Site "https://www.chess.com"]

[Event "Titled Tuesday Blitz July 11 Early 2023"]
[White "Novikova, Margarita"]
[Black "Osmak, Yuliia"]
[WhiteFideId "14109689"]
[BlackFideId "14101602"]
[WhiteElo "2195"]
[BlackElo "2511"]
[Result "0-1"]
[Round "5"]
[TimeControl "180+2"]
[Date "2023.07.11"]
[WhiteClock "0:00:22"]
[BlackClock "0:00:47"]
[Board "129"]

1. e4 c5 2. Nc3 Nc6 3. d3 a6 4. g3 b5 5. Bg2 Bb7 6. Nge2 g6 7. Be3 d6 8. Qd2 Bg7 9. h4 h5 10. f4 Nf6 11. f5 Ng4 12. Bf4 b4 13. Nd1 Nce5 14. O-O gxf5 15. exf5 Bxg2 16. Kxg2 Qd7 17. Ng1 Qxf5 18. Bh6 Qg6 19. Bxg7 Qxg7 20. Ne3 Nxe3+ 21. Qxe3 Rg8 22. Ne2 Rb8 23. b3 Ng4 24. Qe4 Qe5 25. Qc6+ Kf8 26. Rfe1 Ne3+ 27. Kh2 Nxc2 28. Qc7 Re8 29. d4 Qe3 30. Rf1 Qxe2+ 0-1


[Site "https://www.chess.com"]

[Event "Titled Tuesday Blitz July 11 Early 2023"]
[White "Sailer, Mike"]
[Black "Brunner, Nicolas"]
[WhiteFideId "2012901"]
[BlackFideId "620246"]
[WhiteElo "2150"]
[BlackElo "2505"]
[Result "0-1"]
[Round "5"]
[TimeControl "180+2"]
[Date "2023.07.11"]
[WhiteClock "0:00:00"]
[BlackClock "0:00:39"]
[Board "130"]

1. d4 Nf6 2. Nc3 d5 3. Bf4 e6 4. Nb5 Na6 5. e3 c6 6. Nc3 Nc7 7. a3 Bd6 8. Nf3 O-O 9. Ne5 c5 10. dxc5 Bxc5 11. Bd3 h6 12. Qf3 b5 13. Qh3 b4 14. axb4 Bxb4 15. O-O a5 16. Bxh6 gxh6 17. Qxh6 Bxc3 18. bxc3 Ne4 19. Bxe4 dxe4 20. Rad1 Qe7 21. Rd4 f5 22. Ng6 Qf6 23. Qxf8+ Qxf8 24. Nxf8 Kxf8 25. Ra4 Bd7 26. Ra3 a4 27. Rd1 Ke7 28. Rd4 Nd5 29. Rc4 Rb8 30. g3 Rb2 31. Kg2 Rxc2 0-1


[Site "https://www.chess.com"]

[Event "Titled Tuesday Blitz July 11 Early 2023"]
[White "Tokhirjonova, Gulrukhbegim"]
[Black "Baruch, Liam"]
[WhiteFideId "14203626"]
[BlackFideId "14322064"]
[WhiteElo "2502"]
[BlackElo "2178"]
[Result "1-0"]
[Round "5"]
[TimeControl "180+2"]
[Date "2023.07.11"]
[WhiteClock "0:01:31"]
[BlackClock "0:00:28"]
[Board "131"]

1. e4 e5 2. Nf3 Nc6 3. Bc4 Bc5 4. c3 Nf6 5. d3 d6 6. b4 Bb6 7. a4 a5 8. b5 Ne7 9. O-O O-O 10. Re1 Ng6 11. d4 Bg4 12. dxe5 Nxe5 13. Be2 Nxe4 14. Be3 Bxe3 15. fxe3 Bxf3 16. Bxf3 d5 17. Ra2 c6 18. Qd4 Nxf3+ 19. gxf3 Ng5 20. Rf1 Qf6 21. Rg2 Qxd4 22. cxd4 Ne6 23. Nc3 f6 24. Rb1 Rab8 25. Rgb2 Rbc8 26. bxc6 bxc6 27. Rb7 Ng5 28. Kf2 Nf7 29. Ra7 Ra8 30. Rbb7 Nd6 31. Rxg7+ Kh8 32. Rxh7+ Kg8 1-0


[Site "https://www.chess.com"]

[Event "Titled Tuesday Blitz July 11 Early 2023"]
[White "Gyulamiryan-koryun"]
[Black "Keleberda, Tymur"]
[BlackFideId "14174294"]
[WhiteElo "1824"]
[BlackElo "2502"]
[Result "0-1"]
[Round "5"]
[TimeControl "180+2"]
[Date "2023.07.11"]
[WhiteClock "0:00:58"]
[BlackClock "0:01:15"]
[Board "132"]

1. e4 g6 2. d4 Bg7 3. f4 d6 4. Nf3 Nf6 5. Nc3 c6 6. Bd3 b5 7. a3 Bb7 8. O-O a6 9. e5 Nd5 10. Nxd5 cxd5 11. b4 O-O 12. f5 Nc6 13. fxg6 hxg6 14. e6 Nxd4 15. exf7+ Rxf7 16. Rb1 Nxf3+ 17. Rxf3 Rxf3 18. Qxf3 Qe8 19. Bb2 e5 20. Qg4 e4 21. Bxg7 Kxg7 22. Be2 Bc8 23. Qg5 Qe5 24. Qh4 Bf5 25. Rf1 Rh8 26. Qg5 Qxh2+ 27. Kf2 Qe5 28. g4 e3+ 29. Ke1 Qc3+ 30. Kd1 Qd2# 0-1


[Site "https://www.chess.com"]

[Event "Titled Tuesday Blitz July 11 Early 2023"]
[White "Fantinel, Thibault"]
[Black "Roque Sola, Gisela"]
[WhiteFideId "663395"]
[BlackFideId "5120241"]
[WhiteElo "2653"]
[BlackElo "2145"]
[Result "1-0"]
[Round "5"]
[TimeControl "180+2"]
[Date "2023.07.11"]
[WhiteClock "0:00:26"]
[BlackClock "0:00:00"]
[Board "133"]

1. d4 Nf6 2. Nf3 g6 3. Nc3 d5 4. Bf4 Bg7 5. Nb5 Na6 6. e3 O-O 7. h3 Bd7 8. c4 dxc4 9. Bxc4 c6 10. Nc3 Nc7 11. O-O Qc8 12. Rc1 Rd8 13. Ng5 e6 14. Qe2 h6 15. Nf3 Be8 16. Ne5 Nh5 17. Bh2 Nf6 18. Rfd1 Ncd5 19. e4 Nb6 20. Bb3 Nfd7 21. Nf3 a5 22. a3 a4 23. Ba2 Nf8 24. Nb5 Ra5 25. Nd6 Qa8 26. e5 Nd5 27. h4 Nh7 28. Nd2 b5 29. N2e4 Ra7 30. Rd3 Qb8 31. Qf3 b4 32. Bc4 Nb6 33. axb4 Nxc4 34. Rxc4 Bf8 35. h5 c5 36. dxc5 Bb5 37. hxg6 Bxc4 38. gxh7+ Kxh7 39. Nf6+ Kh8 40. Nxc4 Bg7 41. Nd6 a3 42. bxa3 Qa8 43. Qg4 1-0


[Site "https://www.chess.com"]

[Event "Titled Tuesday Blitz July 11 Early 2023"]
[White "Haug, Havard"]
[Black "Fule, Simon"]
[WhiteFideId "1547887"]
[BlackFideId "787515"]
[WhiteElo "2635"]
[BlackElo "2404"]
[Result "1-0"]
[Round "5"]
[TimeControl "180+2"]
[Date "2023.07.11"]
[WhiteClock "0:00:14"]
[BlackClock "0:00:00"]
[Board "134"]

1. e4 e5 2. Nc3 Nf6 3. Bc4 Nc6 4. d3 g6 5. Nge2 Bg7 6. O-O d6 7. f4 Na5 8. fxe5 dxe5 9. Nd5 Nxc4 10. Bg5 Nxb2 11. Qc1 c6 12. Nxf6+ Bxf6 13. Bxf6 Qb6+ 14. Kh1 Rg8 15. Rb1 Nxd3 16. cxd3 Qc7 17. Qc5 Bg4 18. Ng3 b6 19. Qxe5+ Qxe5 20. Bxe5 Rd8 21. Rb3 h5 22. h4 Kd7 23. Ba1 Kc8 24. Ra3 Be6 25. Rxa7 Rge8 26. d4 Kb8 27. Ra3 Kb7 28. Re1 Ra8 29. Ree3 Bxa2 30. Rxa8 Rxa8 31. Ne2 Bc4 32. Bc3 Ra3 33. Nc1 b5 34. Bd2 Ra1 35. Re1 Rb1 36. Kh2 b4 37. d5 b3 38. Nxb3 Rxb3 39. dxc6+ Kxc6 40. Rc1 Kb5 41. Bg5 Rb2 42. Kg3 Re2 43. Kf3 Bd3 44. Rc3 Rxe4 45. Rxd3 Rg4 46. Rd7 f5 47. Rd6 Re4 48. Rxg6 Re1 49. Rf6 1-0


[Site "https://www.chess.com"]

[Event "Titled Tuesday Blitz July 11 Early 2023"]
[White "Herman, Matthew"]
[Black "Arat, Ufuk Sezen"]
[WhiteFideId "2028964"]
[BlackFideId "6309089"]
[WhiteElo "2402"]
[BlackElo "2573"]
[Result "0-1"]
[Round "5"]
[TimeControl "180+2"]
[Date "2023.07.11"]
[WhiteClock "0:00:00"]
[BlackClock "0:01:10"]
[Board "135"]

1. e4 c5 2. d4 cxd4 3. c3 dxc3 4. Nxc3 e6 5. Nf3 Nc6 6. Bc4 a6 7. O-O Nge7 8. Bg5 h6 9. Be3 b5 10. Bb3 Bb7 11. Re1 Na5 12. h4 Nxb3 13. axb3 d6 14. h5 Nc6 15. Qe2 Be7 16. Rad1 O-O 17. Bf4 Kh7 18. Rd2 Qc7 19. Rc1 Rad8 20. Nd5 exd5 21. exd5 Bf6 22. dxc6 Bc8 23. Qd3+ Kg8 24. Bxd6 Qa7 25. c7 Rd7 26. Qd5 Re8 27. Qc6 Qb7 28. Qxb7 Bxb7 0-1


[Site "https://www.chess.com"]

[Event "Titled Tuesday Blitz July 11 Early 2023"]
[White "Ncatt"]
[Black "Palczert, Matyas"]
[BlackFideId "784958"]
[WhiteElo "2378"]
[BlackElo "2566"]
[Result "0-1"]
[Round "5"]
[TimeControl "180+2"]
[Date "2023.07.11"]
[WhiteClock "0:00:11"]
[BlackClock "0:00:19"]
[Board "136"]

1. e4 c5 2. Nf3 e6 3. c4 Nc6 4. Nc3 Nd4 5. Nxd4 cxd4 6. Ne2 e5 7. d3 Nf6 8. g3 Be7 9. Bg2 O-O 10. O-O Rb8 11. a4 Bb4 12. Bd2 Qa5 13. Bxb4 Qxb4 14. Qc2 d6 15. Nc1 Bd7 16. b3 a6 17. Na2 Qa5 18. Rfb1 b5 19. b4 Qc7 20. axb5 axb5 21. Nc1 Be6 22. Bf1 Rfc8 23. Ra6 bxc4 24. dxc4 Bxc4 25. Qxc4 Qxc4 26. Bxc4 Rxc4 27. b5 Nxe4 28. Nd3 h5 29. b6 Rc3 30. b7 Rxb7 31. Ra8+ Kh7 32. Rxb7 Rxd3 33. Rxf7 Ng5 34. Re7 Kg6 35. Rd8 Kf6 36. Red7 Ne4 37. Rf8+ Ke6 38. Rxg7 Rd1+ 39. Kg2 d3 40. Re8+ Kd5 41. Ra7 d2 42. Ra5+ Nc5 43. Ra2 Rg1+ 44. Kxg1 d1=Q+ 45. Kg2 Nd3 46. Rea8 Ne1+ 47. Kg1 Nf3+ 48. Kg2 e4 49. R2a5+ Ke6 50. Kh3 Qf1# 0-1


[Site "https://www.chess.com"]